 Seeded DCSS version 0.30.1-9-gdf580d7c3d (webtiles) character file.

Game seed: 7229806256980976716 (custom seed)

319 Psyclone the Cutter (level 6, 36/36 HPs)
             Began as an Octopode Venom Mage on Sept 30, 2023.
             Quit the game on level 3 of the Dungeon.
             The game lasted 00:03:08 (2077 turns).

Psyclone the Cutter (Octopode Venom Mage)           Turns: 2077, Time: 00:03:09

Health: 36/36      AC:  1    Str:  7    XL:     6   Next: 46%
Magic:  18/18      EV: 13    Int: 28    God:
Gold:   145        SH:  0    Dex:  8    Spells: 8/9 levels left

rFire   . . .        a - +12 pair of quick blades "Gyre" and "Gimble" {protect}
rCold   + + .        (shield currently unavailable)
rNeg    . . .        (helmet restricted)
rPois   +            (no amulet)
rElec   .            e - ring of the Mage {Wiz Archmagi}
rCorr   .            f - ring "Yjoxom" {Contam rPois rC++ MP+9 Int+8 Dex-4}
SInv    .            (no ring)
Will    .....        (no ring)
Stlth   +++          (no ring)
HPRegen 0.26/turn    (no ring)
MPRegen 0.16/turn    (no ring)
                     (no ring)

%: wizardry (x1), archmagi
@: no status effects
A: almost no armour, amphibious, 8 rings, camouflage 1, gelatinous body 1,
(nimble swimmer 1), tentacles
a: no special abilities


You were on level 3 of the Dungeon.
You visited 1 branch of the dungeon, and saw 3 of its levels.

You collected 145 gold pieces.

Inventory:

Hand Weapons
 a - the +12 pair of quick blades "Gyre" and "Gimble" (weapon) {protect}
   (You acquired it on level 1 of the Dungeon)
Missiles
 k - a throwing net {!f}
Jewellery
 e - the ring of the Mage (left tentacle) {Wiz Archmagi}
   (You acquired it on level 1 of the Dungeon)

   [ring of wizardry]

   It improves your spell success rate.
   Archmagi:  It increases the power of your magical spells.
 f - the ring "Yjoxom" (right tentacle) {Contam rPois rC++ MP+9 Int+8 Dex-4}
   (You acquired it on level 1 of the Dungeon)

   [ring of magical power]

   Int:       It affects your intelligence (+8).
   Dex:       It affects your dexterity (-4).
   rC:        It greatly protects you from cold.
   rPois:     It protects you from poison.
   MP:        It affects your magic capacity (+9).
   Contam:    It causes magical contamination when unequipped.
Scrolls
 b - 3 scrolls of amnesia {unknown}
 d - a scroll of teleportation {unknown}
 h - a scroll of enchant armour {unknown}
 j - 2 scrolls of blinking {unknown}
 l - 4 scrolls of identify {unknown}
 p - a scroll of poison {unknown}
Potions
 c - a potion of magic
 g - a potion of might {unknown}
 i - 2 potions of mutation {unknown}
 m - 2 potions of curing {unknown}
 n - 2 potions of brilliance {unknown}
 o - a potion of invisibility {unknown}


   Skills:
 + Level 6.2 Short Blades
 - Level 2.0 Dodging
 - Level 2.6 Stealth
 - Level 2.0 Spellcasting
 - Level 1.0 Transmutations
 - Level 3.6 Poison Magic


You had 8 spell levels left.
You knew the following spells:

 Your Spells              Type           Power      Damage    Failure   Level
a - Sting                 Tmut/Pois      92%        1d7       1%          1

Your spell library contained the following spells:

 Spells                   Type           Power      Damage    Failure   Level
 Poisonous Vapours        Pois/Air       38%        N/A       2%          2
 Cigotuvi's Dreadful Rot  Necr/Pois/Air  28%        N/A       3%          2
 Mephitic Cloud           Conj/Pois/Air  14%        N/A       7%          3
 Olgreb's Toxic Radiance  Pois           34%        N/A       9%          4
 Dispel Undead            Necr           4%         3d7       32%         4
 Freezing Cloud           Conj/Ice/Air   2%         6-21      65%         5
 Death Channel            Necr           2%         N/A       99%         6


Dungeon Overview and Level Annotations

Branches:
Dungeon (3/15) Zot: 15971

Altars:
Zin


Innate Abilities, Weirdness & Mutations

You cannot wear most types of armour.
You are amphibious.
You can wear up to eight rings at the same time.
Your skin changes colour to match your surroundings (Stealth+).
Your rubbery body absorbs attacks. (AC +1, EV +1)
((You are camouflaged when in or above water. (Stealth+)))
You have tentacles for arms and can constrict up to eight enemies at once.


Message History

There is a stone staircase leading down here.
Done exploring.
No target in view!
No target in view!
No target in view!
No target in view!
No target in view!
Done exploring.
No target in view!
No target in view!
No target in view!
No target in view!
No target in view!
Done exploring.
No target in view!
No target in view!
No target in view!
No target in view!
No target in view!
Done exploring.
No target in view!
No target in view!
No target in view!
No target in view!
No target in view!
Done exploring.
No target in view!
No target in view!
No target in view!
No target in view!
No target in view!
Done exploring.
No target in view!
No target in view!
No target in view!
No target in view!
No target in view!
Search for what [Enter for "."]?
Unknown command.
Are you sure you want to abandon this character and quit the game? (Confirm with "yes".)

...##.....## ###.####
..........# ##...#
..........# ####..###
..........# #.....#
..........## #.##.<#
..........†# #.##..#
....#...##.###
###.##..##
###.######...#
##...##...# #..#
###.###@.###..#.# ##.#
#.##..####.##.# #.#
#.##.## #..##.## # #.#
###.##.####.###..# ##
#.# #...........# ##.#
.# #.# #..........## #.#
.# #.# #..........# #.#
.# #.#
#........).#####.######
.###.#
#..........#..........##


There were no monsters in sight!

Vanquished Creatures
  A wyvern zombie (D:3)
  The ghost of jakobj the Gusty, a weakling GnAE (D:3)
  A jelly (D:2)
  2 bullfrog skeletons (D:3)
  A howler monkey skeleton (D:3)
  4 adders (D:2)
  An ufetubus (D:3)
  3 worms
  5 bats
  4 endoplasms
  5 giant cockroaches
  2 goblins
  5 hobgoblins
  20 jackals
  4 quokkas
  6 ball pythons
  A frilled lizard (D:1)
  4 rats
70 creatures vanquished.

Notes
Turn   | Place    | Note
-------+----------+-------------------------------------------
     0 | D:1      | Psyclone the Octopode Venom Mage began the quest for the
                  | Orb.
     0 | D:1      | Reached XP level 1. HP: 11/11 MP: 3/3
    80 | D:1      | Identified 3 scrolls of acquirement
    80 | D:1      | Acquired the ring of the Mage {Wiz Archmagi}
    80 | D:1      | Found the ring of the Mage {Wiz Archmagi}
    86 | D:1      | Acquired the ring "Yjoxom" {Contam rPois rC++ MP+9 Int+8
                  | Dex-4}
   187 | D:1      | Acquired the +12 pair of quick blades "Gyre" and "Gimble"
                  | {protect}
   187 | D:1      | Found the +12 pair of quick blades "Gyre" and "Gimble"
                  | {protect}
   285 | D:1      | Reached skill level 1 in Short Blades
   323 | D:1      | Reached XP level 2. HP: 17/17 MP: 5/5
   329 | D:1      | Reached skill level 2 in Short Blades
   574 | D:1      | Reached XP level 3. HP: 21/21 MP: 6/6
   950 | D:2      | Reached skill level 3 in Short Blades
  1035 | D:2      | Reached XP level 4. HP: 27/27 MP: 7/7
  1103 | D:2      | Reached skill level 4 in Short Blades
  1393 | D:2      | Reached XP level 5. HP: 31/31 MP: 8/8
  1635 | D:3      | Found a runed translucent gate.
  1635 | D:3      | Found a runed translucent gate.
  1635 | D:3      | Found a runed translucent gate.
  1645 | D:3      | Noticed jakobj's ghost (weakling GnAE)
  1657 | D:3      | Reached skill level 5 in Short Blades
  1667 | D:3      | Killed jakobj's ghost
  1671 | D:3      | Reached XP level 6. HP: 36/36 MP: 9/9
  1675 | D:3      | Reached skill level 6 in Short Blades
  1790 | D:3      | Found a glowing silver altar of Zin.
  2077 | D:3      | Quit the game

Illustrated notes

Levels and vault maps discovered:
D:1:      spicycebolla_arrival_ecumenical, layout_loops_ring
D:2:      layout_basic
D:3:      layout_rooms, mainiacjoe_overflow_paths, gammafunk_ghost_necromancy

Skill      XL: |  1  2  3  4  5  6 |
---------------+-------------------+-----
Short Blades   | 1 2 3 4 5 6 |  6.2
Dodging        | |  2.0
Stealth        | |  2.6
Spellcasting   | |  2.0
Transmutations | |  1.0
Poison Magic   | |  3.6

Action                     |  1- 3 |  4- 6 || total
---------------------------+-------+-------++-------
  Melee: Pair of quick bla |    35 |    59 ||    94
         Constrict         |     4 |    14 ||    18
         Tentacles         |     4 |     8 ||    12
    Use: Scroll            |     3 |       ||     3
   Stab: Sleeping          |    10 |     6 ||    16
 Armour: Skin              |     3 |     7 ||    10
  Dodge: Dodged            |    14 |    29 ||    43
